 Dungeon Crawl Stone Soup version 0.21.1-1-g345015f (webtiles) character file.

553 Monsterracer the Slasher (level 7, -4/49 HPs)
             Began as an Octopode Monk on Feb 12, 2018.
             Slain by Prince Ribbit (12 damage)
             ... on level 6 of the Dungeon.
             The game lasted 00:05:15 (3536 turns).

Monsterracer the Slasher (Octopode Monk)            Turns: 3536, Time: 00:05:15

Health: -4/49      AC:  1    Str: 11    XL:     7   Next: 29%
Magic:  7/7        EV: 16    Int: 12    God:
Gold:   173        SH:  0    Dex: 16    Spells: 6/6 levels left

rFire    . . .     SeeInvis +   a - +0 falchion
rCold    . . .     Gourm    .   (no shield)
rNeg     . . .     Faith    .   (helmet restricted)
rPois    .         Spirit   .   (no amulet)
rElec    .         Reflect  .   r - ring of resist corrosion {!d}
rCorr    +         Harm     .   o - ring of see invisible
MR       .....                  (no ring)
Stlth    ++++......             (no ring)
HPRegen  0.16/turn              (no ring)
MPRegen  0.10/turn              (no ring)
                                (no ring)
                                (no ring)

@: no status effects
A: almost no armour, stealthy swim, amphibious, 8 rings, constrict 8, camouflage
1, gelatinous body 1
a: no special abilities


You were on level 6 of the Dungeon.
You were very hungry.

You visited 1 branch of the dungeon, and saw 6 of its levels.

You collected 173 gold pieces.

Inventory:

Hand Weapons
 a - a +0 falchion (weapon)
 b - a +2 dagger of draining
Jewellery
 o - a ring of see invisible (right tentacle)
 r - a ring of resist corrosion (left tentacle) {!d}
Scrolls
 e - a scroll of teleportation
 h - a scroll of enchant armour
 m - a scroll of magic mapping {!r}
 n - 2 scrolls of remove curse
 p - 2 scrolls of amnesia
Potions
 d - 3 potions of agility
 f - 3 potions of curing
 g - a potion of cancellation {unknown}
 i - a potion of invisibility {unknown}
 j - 2 potions of heal wounds
 l - 2 potions of flight
 s - a potion of magic {unknown}
Comestibles
 c - 11 rations


   Skills:
 + Level 4.4 Fighting
 * Level 5.6 Long Blades
 + Level 4.4 Dodging
 + Level 5.5 Stealth


You had 6 spell levels left.
You didn't know any spells.

Dungeon Overview and Level Annotations

Branches:
Dungeon (6/15)
 Temple: D:4-7

Altars:
Elyvilon
Gozag
Sif Muna

Shops:
D:5 [

Annotations:
D:6 Prince Ribbit


Innate Abilities, Weirdness & Mutations

You cannot wear most types of armour.
You are very stealthy in the water. (Stealth+)
You are amphibious.
You can wear up to eight rings at the same time.
You can use your tentacles to constrict eight enemies at once.
Your skin changes colour to match your surroundings (Stealth+).
Your rubbery body absorbs attacks. (AC +1, EV +1)


Message History

You kill the centaur!
You have reached level 7!
You regained 3 hp, and now have 22/49 hp.
MP restored: 7
Things that are here:
an uncursed shortbow; 30 arrows There isn't anything to butcher here.
You regained 14 hp, and now have 37/49 hp.
A bullfrog zombie is nearby!
Found a ration.
You hit the bullfrog zombie. Your grab misses the bullfrog zombie.
The bullfrog zombie is lightly damaged.
The bullfrog zombie misses you.
You barely miss the bullfrog zombie. You grab the bullfrog zombie.
The bullfrog zombie is lightly damaged.
You constrict the bullfrog zombie. The bullfrog zombie barely misses you.
The bullfrog zombie hits you.
You take 2 damage, and have 36/49 hp.
You hit the bullfrog zombie.
The bullfrog zombie is moderately damaged.
You constrict the bullfrog zombie. The bullfrog zombie hits you.
You take 6 damage, and have 30/49 hp.
You completely miss the bullfrog zombie.
You squeeze the bullfrog zombie.
The bullfrog zombie is moderately damaged.
You constrict the bullfrog zombie. The bullfrog zombie hits you.
You take 3 damage, and have 27/49 hp.
You hit the bullfrog zombie.
The bullfrog zombie is severely damaged.
You constrict the bullfrog zombie.
The bullfrog zombie completely misses you.
You riposte.
You hit the bullfrog zombie.
The bullfrog zombie is almost destroyed.
You slash the bullfrog zombie!
You destroy the bullfrog zombie!
Unknown command.
You are feeling hungry.
HP restored.
There is an entrance to Wachioc's Armour Shoppe here.
Health restored: 49
c - 11 rations (gained 1)
An orc wizard comes into view. It is wielding a dagger.
An orc wizard is nearby!
You sense an unholy aura.
b - a +2 dagger of draining (weapon)
A howler monkey zombie comes into view.
An orc priest comes into view. It is wielding a hand axe.
An orc comes into view. It is wielding an enchanted war axe.
Found a ring mail.
The helpless orc wizard fails to defend itself.
You stick the orc wizard like a pincushion!!!
You kill the orc wizard!
Things that are here:
a dagger; a robe The helpless howler monkey zombie fails to defend itself.
You spit the howler monkey zombie like a pig!!!
You destroy the howler monkey zombie!
The orc shouts!
You hear a shout!
You hear a loud, deep croak!
You hear a shout!
An orc comes into view. It is wielding a mace.
The orc priest misses you.
Prince Ribbit comes into view.
The orc hits you with an enchanted war axe.
Things that are here:
a dagger; a robe You take 5 damage, and have 44/49 hp.
The orc priest invokes the aid of Beogh against you.
Beogh smites you!
You take 11 damage, and have 33/49 hp.
MASSIVE DAMAGE!!
a - a +0 falchion (weapon)
The orc priest invokes the aid of Beogh against you.
Beogh smites you!
* * * LOW HITPOINT WARNING * * *
You take 16 damage, and have 17/49 hp.
MASSIVE DAMAGE!!
Prince Ribbit blinks!
Prince Ribbit blinks!
The orc priest calls down the wrath of Beogh upon you.
Beogh smites you!
* * * LOW HITPOINT WARNING * * *
You take 12 damage, and have 6/49 hp.
MASSIVE DAMAGE!!
Prince Ribbit blinks!
Prince Ribbit blinks!
You are feeling very hungry.
Prince Ribbit blinks!
Prince Ribbit closely misses you.
Prince Ribbit croaks regally.
Prince Ribbit barely misses you.
Prince Ribbit lets out a mournful croak.
Prince Ribbit hits you.
* * * LOW HITPOINT WARNING * * *
There is a stone staircase leading down here.
You take 2 damage, and have 7/49 hp.
Prince Ribbit croaks regally.
Prince Ribbit closely misses you.
You climb downwards. 2 zombies and a skeleton come into view.
Found a dagger and a scroll of noise.
There is a stone staircase leading up here.
Prince Ribbit hits you!
You die...

.....#
..Z. ####
8... .....
..# .....
Z.#.....)
##.#......
#....Z....
#@<#
........F#
####....##
.......#
###....#
##.#.#
#.#.#
...?#


You could see Prince Ribbit, a hound zombie (dormant) and a leopard gecko
skeleton (dormant).

Vanquished Creatures
  An ice beast (D:5)
  A centaur (D:5)
  A crimson imp (D:4)
  A bullfrog zombie (D:5)
  2 orc wizards
  A gnoll shaman (D:4)
  3 worker ants (D:4)
  A howler monkey zombie (D:5)
  6 adders
  3 gnolls (D:4)
  3 worms
  A dart slug (D:4)
  4 leopard geckos
  3 orcs
  2 ball pythons
  4 bats
  5 giant cockroaches
  7 hobgoblins
  3 frilled lizards
  4 goblins
  10 kobolds
  A leopard gecko zombie (D:5)
  3 rats (D:3)
70 creatures vanquished.

Vanquished Creatures (others)
  An orc (D:5)
  A quokka (D:5)
2 creatures vanquished.

Grand Total: 72 creatures vanquished

Notes
Turn   | Place    | Note
-------+----------+-------------------------------------------
     0 | D:1      | Monsterracer the Octopode Monk began the quest for the Orb.
     0 | D:1      | Reached XP level 1. HP: 16/16 MP: 1/1
   123 | D:1      | Reached XP level 2. HP: 21/21 MP: 2/2
   816 | D:2      | Reached XP level 3. HP: 26/26 MP: 3/3
  1072 | D:2      | Found a deep blue altar of Sif Muna.
  1221 | D:3      | Reached XP level 4. HP: 31/31 MP: 4/4
  1460 | D:3      | HP: 12/31 [orc wizard/magic dart (8)]
  1464 | D:3      | Reached XP level 5. HP: 10/36 MP: 5/5
  2360 | D:4      | Found an opulent altar of Gozag.
  2649 | D:4      | Reached XP level 6. HP: 23/43 MP: 6/6
  2938 | D:4      | Reached skill level 5 in Long Blades
  2995 | D:5      | Entered Level 5 of the Dungeon
  3015 | D:5      | Found a white marble altar of Elyvilon.
  3181 | D:5      | Noticed an ice beast
  3185 | D:5      | Killed an ice beast
  3185 | D:5      | Reached skill level 5 in Stealth
  3227 | D:5      | Found Wachioc's Armour Shoppe.
  3243 | D:5      | HP: 19/43 [centaur (8)]
  3244 | D:5      | Reached XP level 7. HP: 22/49 MP: 7/7
  3501 | D:5      | Noticed Prince Ribbit
  3504 | D:5      | HP: 17/49 [orc priest/divine providence (16)]
  3511 | D:5      | HP: 6/49 [orc priest/divine providence (12)]
  3533 | D:5      | HP: 7/49 [Prince Ribbit (2)]
  3536 | D:6      | Slain by Prince Ribbit

Skill      XL: |  1  2  3  4  5  6 |
---------------+-------------------+-----
Stealth        | 3 4 5 |  5.5
Long Blades    | 4 5 |  5.6
Fighting       | 4 |  4.4
Dodging        | 4 |  4.4

Action                   |  1- 3 |  4- 6 |  7- 9 || total
-------------------------+-------+-------+-------++-------
Melee: Falchion          |    34 |    43 |     6 ||    83
       Constrict         |    13 |    20 |     1 ||    34
       Dagger            |    11 |    26 |     2 ||    39
       Tentacles         |     5 |    20 |     1 ||    26
  Use: Scroll            |       |    14 |       ||    14
 Stab: Sleeping          |     9 |    13 |     2 ||    24
  Eat: Chunk             |     1 |     6 |       ||     7
Armor: Skin              |       |     7 |       ||     7
Dodge: Dodged            |    32 |    37 |     7 ||    76
       Rpst.: Falchion   |     8 |     7 |     1 ||    16

Vault maps used:
D:1:      lightli_arrival_boilingwater
D:2:      marbit_many_paths, first_ration
D:4:      grunt_gozag_statues
D:5:      minmay_temple_entry_enclosed_plants, serial_shops, shop,
          elyvilon_altar_4, uniq_sigmund, uniq_prince_ribbit1
D:6:      minmay_opposing_rooms, overflow_temple_1_default, serial_undead,
          serial_undead_c, serial_undead_e, serial_undead_d, serial_undead_d,
          serial_undead_d, serial_undead_d, minmay_misc_feat_rows,
          grunt_ministairs_1, fountainhead, tgw_trog
